 Dungeon Crawl Stone Soup version 0.29.0-4-gdea44cf6ec (webtiles) character file.

Game seed: 1522901326543682008

4733 qw the Cleaver (level 10, 0/64 HPs)
             Began as a Gargoyle Berserker on Sept 8, 2022.
             Was an Elder of Trog.
             Slain by a worldbinder (4 damage)
             ... on level 2 of the Abyss.
             The game lasted 00:03:30 (10794 turns).

qw the Cleaver (Gargoyle Berserker)                Turns: 10794, Time: 00:03:30

Health: 0/64       AC: 28    Str: 24    XL:     10   Next: 46%
Magic:  10/10      EV:  7    Int: 13    God:    Trog [****..]
Gold:   123        SH:  0    Dex: 12    Spells: 9/9 levels left

rFire   . . .      SeeInvis .   Y - +0 broad axe
rCold   . . .      Faith    .   (no shield)
rNeg    + + .      Spirit   .   e - +0 plate armour
rPois   inf        Reflect  .   i - +1 helmet
rElec   +          Harm     .   (no cloak)
rCorr   .          Rampage  .   c - +1 pair of gloves of Usesel {+Blink Int+4}
Will    +++..                   a - +2 pair of boots
Stlth   ..........              r - amulet of Okawaru, Feeding {Acrobat Dex+3}
HPRegen 1.20/turn               f - ring of positive energy
MPRegen 0.12/turn               p - ring of willpower

@: about to teleport, marked, strong-willed, on berserk cooldown, regenerating
A: sickness immunity, AC +7, negative energy resistance 1, electricity
resistance, torment resistance 1, petrification resistance
a: Renounce Religion, Evoke Blink, Berserk, Trog's Hand, Brothers in Arms


You were on level 2 of the Abyss.
You worshipped Trog.
Trog was greatly pleased with you.
You visited 1 branch of the dungeon, and saw 9 of its levels.
You visited the Abyss 1 time.

You collected 366 gold pieces.
You spent 243 gold pieces at shops.


Innate Abilities, Weirdness & Mutations

You are immune to sickness and miasma.
Your stone body is resilient. (AC +7)
You are immune to poison.
You resist negative energy. (rN+)
You are resistant to electric shocks. (rElec)
You are resistant to unholy torment.
You are immune to petrification.


   Skills:
 - Level 8.2 Fighting
 + Level 10.7 Axes
 - Level 3.1 Throwing
 - Level 7.0 Armour
 - Level 2.0 Dodging


You had 9 spell levels left.
You didn't know any spells.
Your spell library was empty.

Inventory:

Hand Weapons
 k - a +0 flail
 Y - a +0 broad axe (weapon)
Missiles
 o - 8 boomerangs (quivered)
 u - 2 silver javelins
Armour
 a - a +2 pair of boots (worn)
 c - the +1 pair of gloves of Usesel (worn) {+Blink Int+4}
   (You found it on level 4 of the Dungeon)

   Int:       It affects your intelligence (+4).
   +Blink:    It lets you blink.
 e - a +0 plate armour (worn)
 i - a +1 helmet (worn)
Jewellery
 f - a ring of positive energy (left hand)
 l - a ring of ice
 p - a ring of willpower (right hand)
 r - the amulet of Okawaru, Feeding (around neck) {Acrobat Dex+3}
   (You found it on level 5 of the Dungeon)

   [amulet of the acrobat]

   It increases your evasion while moving and waiting.
   Dex:       It affects your dexterity (+3).
Scrolls
 b - 3 scrolls of teleportation
 n - a scroll of identify
Potions
 d - 6 potions of heal wounds
 h - a potion of haste
 j - 9 potions of curing
 m - a potion of ambrosia {unknown}
 q - a potion of resistance {unknown}
 s - a potion of might {unknown}
 t - a potion of degeneration {unknown}

Dungeon Overview and Level Annotations

Branches:
Dungeon (9/15)             Temple (0/1) D:5
   Lair: D:8-11         Orc: D:9-12

Altars:
Cheibriados
Fedhas
Makhleb
Nemelex Xobeh
Okawaru
Vehumet

Shops:
D:3 !   D:4 !   D:5 (

Annotations:
D:6 2 runed translucent doors, qw's ghost, novice GrBe
D:9 Erolcha


Message History

The purple very ugly thing completely misses you.
You slash the worldbinder!
The worldbinder is almost destroyed.
You hit the green very ugly thing but do no damage.
You hit the vault sentinel. You hit the purple very ugly thing.
The worldbinder hits you but does no damage.
The worldbinder closely misses you.
A ynoxinul comes into view.
The green very ugly thing punches you but does no damage.
The vault sentinel hits you but does no damage.
The purple very ugly thing tentacle-slaps you but does no damage.
The worldbinder hits you.
The worldbinder hits you but does no damage.
You hit the worldbinder.
The worldbinder is almost destroyed.
You hit the green very ugly thing. You closely miss the vault sentinel.
You barely miss the purple very ugly thing.
The ynoxinul gestures.
The worldbinder hits you but does no damage. x2
The green very ugly thing punches you.
The purple very ugly thing tentacle-slaps you!
The vault sentinel casts a spell at you.
You easily resist.
You hit the worldbinder but do no damage.
The worldbinder is almost destroyed.
You hit the green very ugly thing but do no damage.
You hit the vault sentinel but do no damage.
You barely miss the purple very ugly thing.
The worldbinder hits you but does no damage. x2
The green very ugly thing barely misses you.
The purple very ugly thing tentacle-slaps you!
The vault sentinel blows a loud note on a signal horn!
The worldbinder hits you but does no damage.
The worldbinder closely misses you.
10794 ||| READING 4 scrolls of teleportation.
As you read the scroll of teleportation, it crumbles to dust.
You feel strangely unstable.
You feel the power of the Abyss delaying your translocation!
The green very ugly thing punches you. The worldbinder hits you.
You die...

#.. # #.# ..
..... .#.. .
..#.. #... .#
....###..#..###
...#.....#.....
#...........#..
.....#ux.....#
###....@# ..
..3.5.pu#...##.
.5.#...........
.....#\.......
....#..........
........#####..
......... .
.####..## #.#


You could see 2 very ugly things, a vault sentinel (summoned, catching breath),
a worldbinder, a ynoxinul and 2 ufetubi.

Vanquished Creatures
  An ice statue (D:8)
  A wyvern (D:8)
  2 steam dragons (D:7)
  A water moccasin (D:5)
  2 sky beasts
  5 black bears
  3 ogres
  2 phantoms
  4 kobold brigands
  2 bullfrogs (D:8)
  2 scorpions
  2 necrophages
  19 wights
  3 killer bees (D:8)
  2 howler monkeys (D:8)
  2 jellies
  An orc priest (D:8)
  A hound (D:6)
  3 iguanas
  6 orc wizards
  A statue (D:3)
  4 adders
  3 shadow imps
  3 white imps (D:6)
  An ufetubus (D:6)
  2 worms
  4 dart slugs
  28 orcs
  10 bats
  10 endoplasms
  13 giant cockroaches
  14 goblins
  5 hobgoblins
  2 jackals (D:4)
  24 kobolds
  3 quokkas (D:3)
  8 ball pythons
  3 frilled lizards
  6 rats
208 creatures vanquished.

Vanquished Creatures (collateral kills)
  An obsidian statue (D:8)
1 creature vanquished.

Vanquished Creatures (others)
  An orc warrior (D:9)
  3 orcs (D:6)
  6 fungi (D:7)
  6 plants
16 creatures vanquished.

Grand Total: 225 creatures vanquished

Notes
Turn   | Place    | Note
-------+----------+-------------------------------------------
     0 | D:1      | qw the Gargoyle Berserker began the quest for the Orb.
     0 | D:1      | Reached XP level 1. HP: 14/14 MP: 1/1
     0 | D:1      | 0 ||| qw: Version: 0.1-a-112-g44dc6cd
     0 | D:1      | 0 ||| qw: Game counter: 6733
     0 | D:1      | 0 ||| qw: Always use a shield: true
     0 | D:1      | 0 ||| qw: Do Orc after D:15 true
     0 | D:1      | 0 ||| qw: Do second Lair branch before Depths: true
     0 | D:1      | 0 ||| qw: Lair rune preference: random
     0 | D:1      | 0 ||| qw: Plans: Normal
     0 | D:1      | 0 ||| PLANNING D:1-11
    74 | D:1      | You fall into a shaft and drop 1 floor!
   156 | D:2      | Reached skill level 3 in Axes
   264 | D:2      | Reached XP level 2. HP: 19/19 MP: 2/2
   326 | D:2      | 326 ||| Stepping ~*~*~tactically~*~*~ (hiding).
   393 | D:2      | 393 ||| UPGRADING to +0 leather armour.
   403 | D:2      | 403 ||| DROPPING +0 animal skin.
   404 | D:2      | 404 ||| READING scroll labelled VEPRANGAUCA.
   409 | D:2      | 409 ||| READING scroll labelled ECLEIDGHURURR.
   446 | D:2      | 446 ||| READING scroll labelled HUAR HUFFEGYA.
   447 | D:2      | 447 ||| READING scroll labelled CIGEMI WIQ NADGH.
   586 | D:1      | Reached skill level 1 in Throwing
   824 | D:1      | 824 ||| Stepping ~*~*~tactically~*~*~ (hiding).
   833 | D:1      | Reached XP level 3. HP: 21/23 MP: 3/3
   869 | D:1      | 869 ||| Stepping ~*~*~tactically~*~*~ (stealth).
  1120 | D:1      | Reached ** piety under Trog
  1547 | D:1      | Found a faded altar of an unknown god.
  1618 | D:1      | 1618 ||| UPGRADING to +0 ring mail.
  1628 | D:1      | 1628 ||| DROPPING +0 leather armour.
  1629 | D:1      | 1629 ||| UPGRADING to +0 chain mail.
  1639 | D:1      | 1639 ||| DROPPING +0 ring mail.
  1640 | D:1      | 1640 ||| READING scroll labelled ICSUPS DURHI.
  1641 | D:1      | 1641 ||| READING scroll labelled COHOFYTAGY.
  1642 | D:1      | 1642 ||| DRINKING 2 green potions.
  1656 | D:1      | 1656 ||| DRINKING 3 glowing purple potions.
  1760 | D:1      | 1760 ||| DROPPING potion of lignification.
  1761 | D:1      | 1761 ||| DROPPING 2 potions of berserk rage.
  2063 | D:2      | 2063 ||| INVOKING Berserk.
  2067 | D:2      | Reached skill level 4 in Axes
  2196 | D:2      | 2196 ||| READING scroll labelled ACZER IWKORING.
  2197 | D:2      | 2197 ||| READING scroll labelled MIXTAF VOBASK.
  2198 | D:2      | 2198 ||| DRINKING 2 blue potions.
  2210 | D:3      | 2210 ||| PLANNING SEWER
  2232 | D:3      | 2232 ||| Stepping ~*~*~tactically~*~*~ (stealth).
  2233 | D:3      | 2233 ||| DROPPING +0 club.
  2246 | D:3      | Reached XP level 4. HP: 28/28 MP: 4/4
  2301 | D:3      | 2301 ||| Stepping ~*~*~tactically~*~*~ (stealth).
  2334 | D:3      | 2334 ||| Stepping ~*~*~tactically~*~*~ (stealth).
  2335 | D:3      | 2335 ||| Stepping ~*~*~tactically~*~*~ (stealth).
  2355 | D:3      | Found a blossoming altar of Fedhas.
  2429 | D:3      | 2429 ||| Stepping ~*~*~tactically~*~*~ (stealth).
  2551 | D:3      | 2551 ||| Stepping ~*~*~tactically~*~*~ (stealth).
  2552 | D:3      | 2552 ||| Stepping ~*~*~tactically~*~*~ (stealth).
  2553 | D:3      | 2553 ||| Stepping ~*~*~tactically~*~*~ (stealth).
  2555 | D:3      | 2555 ||| Stepping ~*~*~tactically~*~*~ (stealth).
  2662 | D:3      | Found Etreuruc's Distillery.
  2674 | D:3      | 2674 ||| BUYING potion of curing (39 gold).
  2674 | D:3      | Bought a potion of curing for 39 gold pieces
  2674 | D:3      | 2674 ||| BUYING potion of curing (39 gold).
  2674 | D:3      | Bought a potion of curing for 39 gold pieces
  2674 | D:3      | 2674 ||| BUYING potion of heal wounds (65 gold).
  2674 | D:3      | Bought a potion of heal wounds for 65 gold pieces
  2702 | D:3      | 2702 ||| DROPPING +0 mace.
  2743 | D:3      | 2743 ||| Stepping ~*~*~tactically~*~*~ (stealth).
  2744 | D:3      | 2744 ||| Stepping ~*~*~tactically~*~*~ (stealth).
  2866 | D:3      | Found a radiant altar of Vehumet.
  2866 | D:3      | Noticed a charred statue
  2872 | D:3      | 2872 ||| INVOKING Berserk.
  2880 | D:3      | Killed a charred statue
  2881 | D:3      | Reached XP level 5. HP: 32/32 MP: 5/5
  2928 | D:3      | 2928 ||| RIP SEWER
  3007 | D:3      | 3007 ||| PLANNING D:1-11
  3083 | D:3      | Reached skill level 5 in Axes
  3091 | D:3      | Reached *** piety under Trog
  3426 | D:3      | 3426 ||| DROPPING orb of wrath.
  3427 | D:3      | 3427 ||| UPGRADING to ring of positive energy.
  3428 | D:3      | 3428 ||| READING scroll labelled MIEGOCAESE.
  3429 | D:3      | 3429 ||| DRINKING 2 glowing dark potions.
  3430 | D:3      | 3430 ||| DROPPING potion of magic.
  3482 | D:4      | Noticed a phantom
  3495 | D:4      | Killed a phantom
  3610 | D:4      | Reached XP level 6. HP: 36/39 MP: 6/6
  3649 | D:4      | 3649 ||| Stepping ~*~*~tactically~*~*~ (stealth).
  4011 | D:4      | Identified the +1 pair of gloves of Usesel {+Blink Int+4}
  4249 | D:4      | Found Cuerat's Distillery.
  4252 | D:4      | 4252 ||| SHOPLISTING 2 potions of cancellation (176 gold,
                  | have 110).
  4262 | D:4      | 4262 ||| Stepping ~*~*~tactically~*~*~ (hiding).
  4264 | D:4      | 4264 ||| Stepping ~*~*~tactically~*~*~ (hiding).
  4383 | D:4      | 4383 ||| Stepping ~*~*~tactically~*~*~ (hiding).
  4514 | D:4      | 4514 ||| SWAPPING to +3 hand axe.
  4515 | D:4      | 4515 ||| DROPPING +0 hand axe.
  4556 | D:4      | 4556 ||| INVOKING Berserk.
  4560 | D:4      | Reached skill level 6 in Axes
  4693 | D:4      | Reached XP level 7. HP: 37/44 MP: 7/7
  4852 | D:4      | 4852 ||| UPGRADING to +1 pair of boots.
  4857 | D:4      | 4857 ||| UPGRADING to +1 pair of gloves of Usesel {+Blink
                  | Int+4}.
  4862 | D:4      | 4862 ||| UPGRADING to +0 plate armour.
  4872 | D:4      | 4872 ||| DROPPING +0 chain mail.
  4903 | D:5      | Entered Level 5 of the Dungeon
  4968 | D:5      | Reached skill level 3 in Armour
  5195 | D:5      | 5195 ||| INVOKING Berserk.
  5316 | D:5      | 5316 ||| READING scroll of enchant armour.
  5316 | D:5      | 5316 ||| ENCHANTING +1 pair of boots.
  5326 | D:5      | Found Amys's Antique Weapon Shoppe.
  5330 | D:5      | 5330 ||| BUYING broad axe (100 gold).
  5330 | D:5      | Bought a broad axe for 100 gold pieces
  5330 | D:5      | 5330 ||| SWAPPING to +0 broad axe.
  5331 | D:5      | 5331 ||| DROPPING +3 hand axe.
  5438 | D:5      | 5438 ||| INVOKING Berserk.
  5441 | D:5      | Reached skill level 7 in Axes
  5599 | D:5      | 5599 ||| Stepping ~*~*~tactically~*~*~ (stealth).
  5602 | D:5      | 5602 ||| Stepping ~*~*~tactically~*~*~ (stealth).
  5604 | D:5      | 5604 ||| Stepping ~*~*~tactically~*~*~ (hiding).
  5726 | D:5      | Reached XP level 8. HP: 45/49 MP: 8/8
  5802 | D:5      | 5802 ||| Stepping ~*~*~tactically~*~*~ (stealth).
  5858 | D:5      | 5858 ||| Stepping ~*~*~tactically~*~*~ (stealth).
  5859 | D:5      | 5859 ||| Stepping ~*~*~tactically~*~*~ (stealth).
  5861 | D:5      | 5861 ||| INVOKING Berserk.
  6005 | D:5      | Found a staircase to the Ecumenical Temple.
  6125 | D:5      | Found a sparkling altar of Nemelex Xobeh.
  6130 | D:5      | 6130 ||| INVOKING Berserk.
  6266 | D:5      | Identified the amulet of Okawaru, Feeding {Acrobat Dex+3}
  6268 | D:5      | 6268 ||| UPGRADING to +0 helmet.
  6273 | D:5      | 6273 ||| UPGRADING to amulet of Okawaru, Feeding {Acrobat
                  | Dex+3}.
  6385 | D:6      | Found a large runed translucent door.
  6385 | D:6      | Found a large runed translucent door.
  6386 | D:6      | Noticed qw's ghost (novice GrBe)
  6540 | D:6      | Reached **** piety under Trog
  6618 | D:6      | 6618 ||| Stepping ~*~*~tactically~*~*~ (hiding).
  6922 | D:6      | Found a snail-covered altar of Cheibriados.
  7014 | D:6      | 7014 ||| INVOKING Berserk.
  7027 | D:6      | Reached skill level 8 in Axes
  7306 | D:6      | Reached skill level 6 in Fighting
  7740 | D:7      | 7740 ||| PLANNING OSSUARY
  7831 | D:7      | 7831 ||| INVOKING Berserk.
  7843 | D:7      | Reached skill level 6 in Armour
  7843 | D:7      | Reached XP level 9. HP: 55/55 MP: 9/9
  7870 | D:7      | HP: 13/55 [wight/+1 halberd of protection (5)]
  7871 | D:7      | 7871 ||| READING 4 scrolls of teleportation.
  7872 | D:7      | 7872 ||| DRINKING 6 potions of heal wounds.
  7873 | D:7      | 7873 ||| INVOKING Berserk.
  7879 | D:7      | 7879 ||| DRINKING 10 potions of curing.
  7879 | D:7      | 7879 ||| (to cure confusion)
  7884 | D:7      | 7884 ||| DRINKING 9 potions of curing.
  7884 | D:7      | 7884 ||| (to cure confusion)
  7913 | D:7      | 7913 ||| INVOKING Berserk.
  7918 | D:7      | Reached skill level 9 in Axes
  7948 | D:7      | 7948 ||| Stepping ~*~*~tactically~*~*~ (stealth).
  7952 | D:7      | 7952 ||| Stepping ~*~*~tactically~*~*~ (stealth).
  8190 | D:7      | 8190 ||| INVOKING Berserk.
  8429 | D:7      | 8429 ||| Stepping ~*~*~tactically~*~*~ (hiding).
  8550 | D:7      | 8550 ||| RIP OSSUARY
  8550 | D:7      | 8550 ||| PLANNING D:1-11
  8579 | D:7      | Found a burning altar of Makhleb.
  8800 | D:7      | 8800 ||| READING 2 scrolls labelled UPLUUF ROLEA.
  8801 | D:7      | 8801 ||| READING scroll labelled LECEYW AVUOC.
  8802 | D:7      | 8802 ||| READING 2 scrolls of identify.
  8802 | D:7      | 8802 ||| IDENTIFYING ruby potion
  8803 | D:7      | 8803 ||| DROPPING potion of flight.
  8804 | D:7      | 8804 ||| DROPPING scroll of blinking.
  9088 | D:8      | Reached skill level 3 in Throwing
  9144 | D:8      | Noticed an obsidian statue
  9145 | D:8      | 9145 ||| INVOKING Brothers in Arms.
  9146 | D:8      | 9146 ||| INVOKING Brothers in Arms.
  9152 | D:8      | Killed an obsidian statue
  9153 | D:8      | Reached skill level 10 in Axes
  9153 | D:8      | Reached XP level 10. HP: 63/63 MP: 10/10
  9196 | D:8      | 9196 ||| Stepping ~*~*~tactically~*~*~ (stealth).
  9197 | D:8      | 9197 ||| Stepping ~*~*~tactically~*~*~ (stealth).
  9197 | D:8      | Found an iron altar of Okawaru.
  9575 | D:8      | 9575 ||| Stepping ~*~*~tactically~*~*~ (hiding).
  9579 | D:8      | 9579 ||| Stepping ~*~*~tactically~*~*~ (hiding).
  9583 | D:8      | 9583 ||| Stepping ~*~*~tactically~*~*~ (hiding).
  9585 | D:8      | 9585 ||| Stepping ~*~*~tactically~*~*~ (hiding).
  9608 | D:8      | 9608 ||| Stepping ~*~*~tactically~*~*~ (stealth).
 10127 | D:8      | 10127 ||| READING scroll of enchant armour.
 10127 | D:8      | 10127 ||| ENCHANTING +0 helmet.
 10364 | D:8      | Noticed an ice statue
 10365 | D:8      | 10365 ||| INVOKING Brothers in Arms.
 10366 | D:8      | 10366 ||| INVOKING Brothers in Arms.
 10367 | D:8      | 10367 ||| INVOKING Brothers in Arms.
 10374 | D:8      | 10374 ||| Stepping ~*~*~tactically~*~*~ (cloud).
 10400 | D:8      | 10400 ||| Stepping ~*~*~tactically~*~*~ (cloud).
 10407 | D:8      | 10407 ||| Stepping ~*~*~tactically~*~*~ (cloud).
 10422 | D:8      | 10422 ||| READING 2 scrolls labelled LETEFU CEGEAJE.
 10423 | D:8      | 10423 ||| READING 2 scrolls of identify.
 10423 | D:8      | 10423 ||| IDENTIFYING puce potion
 10424 | D:8      | 10424 ||| Stepping ~*~*~tactically~*~*~ (cloud).
 10426 | D:8      | 10426 ||| INVOKING Berserk.
 10436 | D:8      | Killed an ice statue
 10712 | D:8      | 10712 ||| UPGRADING to ring of willpower.
 10713 | D:8      | 10713 ||| DROPPING scroll of amnesia.
 10741 | D:9      | 10741 ||| INVOKING Berserk.
 10744 | D:9      | Noticed Erolcha
 10760 | Abyss:2  | Cast into level 2 of the Abyss (Erolcha)
 10778 | Abyss:2  | Noticed a worldbinder
 10779 | Abyss:2  | 10779 ||| Stepping ~*~*~tactically~*~*~ (stealth).
 10781 | Abyss:2  | Noticed a vault sentinel
 10781 | Abyss:2  | 10781 ||| INVOKING Trog's Hand.
 10783 | Abyss:2  | Noticed a cyan very ugly thing
 10783 | Abyss:2  | Noticed a white very ugly thing
 10783 | Abyss:2  | Noticed a red very ugly thing
 10789 | Abyss:2  | Noticed a green very ugly thing
 10790 | Abyss:2  | Noticed a purple very ugly thing
 10790 | Abyss:2  | Noticed a vault sentinel
 10793 | Abyss:2  | HP: 4/64 [purple very ugly thing[a worldbinder] (15)]
 10794 | Abyss:2  | 10794 ||| READING 4 scrolls of teleportation.
 10794 | Abyss:2  | Slain by a worldbinder

Levels and vault maps discovered:
D:1:      dpeg_arrival_castle, layout_basic,
          hellmonk_ecumenical_altar_prayer_group, serial_bayou_crossing
D:2:      layout_basic
D:3:      layout_rooms, vehumet_statue, lemuel_crystal_altar, serial_shops,
          nicolae_shop_window_shopping, gup_sewer_entry_pipe,
          hangedman_abyss_or_decor_stabs, serial_bayou_pond_b
D:4:      layout_gridville, serial_shops, nicolae_shop_behind_doors
D:5:      layout_basic, nemelex_dance_club_becter, minmay_temple_entry_fiery,
          serial_shops, shop
D:6:      layout_loops_corners, kennysheep_little_box,
          ebering_ghost_disaster_area, lemuel_old_faithful
D:7:      kennysheep_steamy, layout_rooms, mainiacjoe_overflow_tiny_flanked,
          enter_bailey_3, chequers_ossuary_entry_cave, glass_columns_a
D:8:      minmay_separated_statues, layout_layer_cave,
          okawaru_ov_weapons_minmay, serial_bayou_pond_a,
          kennysheep_generic_room_10
D:9:      layout_loops_ring, erik_lair_dragon, uniq_erolcha, uniq_harold
Abyss:2:  base:
D:8

Skill      XL: |  1  2  3  4  5  6  7  8  9 10 |
---------------+-------------------------------+-----
Axes           | 3 4 5 6 7 8 10 | 10.7
Throwing       | 1 2 3 |  3.1
Fighting       | 4 5 6 7 8 |  8.2
Armour         | 4 6 7 |  7.0
Dodging        | 2 |  2.0

Action                   |  1- 3 |  4- 6 |  7- 9 | 10-12 || total
-------------------------+-------+-------+-------+-------++-------
Melee: Hand axe          |    96 |   211 |    38 |       ||   345
       Punch             |     2 |     1 |     2 |     1 ||     6
       Broad axe         |       |       |   247 |   137 ||   384
Throw: Javelin           |    29 |    24 |    33 |     5 ||    91
       Boomerang         |       |       |    22 |     7 ||    29
Invok: Berserk           |     1 |     2 |     9 |     2 ||    14
       Brothers in Arms  |       |       |     1 |     1 ||     2
       Trog's Hand       |       |       |       |     1 ||     1
  Use: Scroll            |     8 |     1 |     5 |     4 ||    18
       Potion            |     3 |     1 |     3 |       ||     7
Armor: Animal skin       |     8 |       |       |       ||     8
       Leather armour    |    29 |       |       |       ||    29
       Chain mail        |     6 |   110 |       |       ||   116
       Plate armour      |       |       |   287 |   123 ||   410
Dodge: Dodged            |    71 |    66 |   138 |    60 ||   335

Table legend:
 A = Non-vault XP
 B = Vault XP
 C = Vault XP percentage of total XP
 D = Non-vault monster count
 E = Vault monster count
 F = Vault count percentage of total count
                 A         B        C        D         E       F
            +---------+---------+-------+---------+---------+-------
      Total |    5054 |    1708 |  25.3 |     187 |      22 |  10.5
            +---------+---------+-------+---------+---------+-------
        D:1 |      43 |       2 |   4.4 |      26 |       1 |   3.7
        D:2 |      30 |       0 |   0.0 |      15 |       0 |   0.0
        D:3 |      73 |      50 |  40.7 |      20 |      10 |  33.3
        D:4 |     453 |       0 |   0.0 |      27 |       0 |   0.0
        D:5 |     731 |     123 |  14.4 |      15 |       2 |  11.8
        D:6 |     610 |       0 |   0.0 |      24 |       0 |   0.0
        D:7 |    1276 |     368 |  22.4 |      21 |       6 |  22.2
        D:8 |    1654 |    1165 |  41.3 |      28 |       3 |   9.7
        D:9 |     184 |       0 |   0.0 |      11 |       0 |   0.0
            +---------+---------+-------+---------+---------+-------
